 Dungeon Crawl Stone Soup version 0.23.0 (webtiles) character file.

Game seed: 9278366387043860731

71 leoctania the Grave Robber (level 4, 0/33 HPs)
             Began as a Hill Orc Necromancer on Feb 13, 2019.
             Slain by an orc
             ... wielding a +0 short sword
              (6 damage)
             ... on level 3 of the Dungeon.
             The game lasted 00:25:07 (1856 turns).

leoctania the Grave Robber (Hill Orc Necromancer)   Turns: 1856, Time: 00:25:08

Health: 0/33       AC:  2    Str: 12    XL:     4   Next: 24%
Magic:  7/7        EV: 12    Int: 21    God:
Gold:   188        SH:  0    Dex: 11    Spells: 5/7 levels left

rFire    . . .     SeeInvis .   b - +1 hunting sling (freeze)
rCold    . . .     Gourm    .   (no shield)
rNeg     . . .     Faith    .   a - +0 robe
rPois    .         Spirit   .   (no helmet)
rElec    .         Reflect  .   (no cloak)
rCorr    .         Harm     .   (no gloves)
MR       .....                  (no boots)
Stlth    ++........             (no amulet)
HPRegen  0.11/turn              d - +3 ring of slaying
MPRegen  0.10/turn              l - +2 ring of strength

@: brilliant, very slightly contaminated
A: no striking features
a: no special abilities


You were on level 3 of the Dungeon.
You were not hungry.

You visited 1 branch of the dungeon, and saw 3 of its levels.

You collected 188 gold pieces.

Inventory:

Hand Weapons
 b - a +1 hunting sling of freezing (weapon)
 g - a +0 club
 h - a +0 short sword
Missiles
 e - 35 stones (quivered)
 i - 19 arrows
 k - 15 poisoned needles
 m - 3 javelins
Armour
 a - a +0 robe (worn)
Jewellery
 d - a +3 ring of slaying (left hand)
 l - a +2 ring of strength (right hand)
Potions
 o - a potion of degeneration {unknown}
Comestibles
 c - 7 rations
 f - a chunk of flesh


   Skills:
 + Level 0.1 Fighting
 + Level 0.9 Slings
 + Level 1.7 Dodging
 + Level 1.7 Stealth
 + Level 2.1 Spellcasting
 + Level 4.9 Necromancy


You had 5 spell levels left.
You knew the following spells:

 Your Spells              Type           Power        Failure   Level  Hunger
a - Pain                  Necr           ####         1%          1    #......
b - Animate Skeleton      Necr           N/A          1%          1    #......

Your spell library contained the following spells:

 Spells                   Type           Power        Failure   Level  Hunger
 Regeneration             Chrm/Necr      ####......   1%          3    ###....
 Vampiric Draining        Necr           #####.....   1%          3    ###....
 Animate Dead             Necr           N/A          2%          4    #####..


Dungeon Overview and Level Annotations

Branches:
Dungeon (3/15)

Altars:

Annotations:
D:3 Robin


Message History

An orc wizard comes into view. It is wielding a +0 dagger.
The orc wizard shouts!
An orc comes into view. It is wielding a +0 short sword.
The orc shouts!
You hear an angry hiss.
An orc comes into view. It is wielding a +0 dagger.
The orc shouts!
Found 14 stones.
Found an escape hatch in the ceiling.
The orc barely misses you.
An adder comes into view.
Found a stone staircase leading up.
The orc hits you but does no damage. The adder bites you.
* * * LOW HITPOINT WARNING * * *
The orc hits you with a +0 short sword.
* * * LOW HITPOINT WARNING * * *
The adder barely misses you. The adder barely misses you.
There is an escape hatch in the ceiling here.
The orc misses you. The orc hits you with a +0 short sword.
You die...

.........#
.........#
.........#
......<..######
...............
...............
...............
......o@S#
......ooo#
.......o.#######
...g
......(........#
.(.(
...............#
.(..
...............#
(...
.........#######
.... .........#
.... .........#


You could see an orc wizard, an adder and 4 orcs.

Vanquished Creatures
  2 adders
  A worm (D:1)
  2 dart slugs (D:2)
  2 leopard geckos
  3 ball pythons
  7 goblins
  10 hobgoblins
  A quokka (D:2)
  4 bats
  A frilled lizard (D:1)
  4 kobolds
  4 rats (D:2)
41 creatures vanquished.

Vanquished Creatures (collateral kills)
  A dart slug (D:1)
1 creature vanquished.

Grand Total: 42 creatures vanquished

Notes
Turn   | Place    | Note
-------+----------+-------------------------------------------
     0 | D:1      | leoctania the Hill Orc Necromancer began the quest for the
                  | Orb.
     0 | D:1      | Reached XP level 1. HP: 14/14 MP: 3/3
     2 | D:1      | Learned a level 1 spell: Animate Skeleton
   226 | D:1      | You fall through a shaft!
   246 | D:1      | Reached XP level 2. HP: 13/20 MP: 1/4
   744 | D:1      | Reached XP level 3. HP: 22/26 MP: 0/5
  1629 | D:2      | Reached XP level 4. HP: 26/33 MP: 5/7
  1777 | D:3      | Found a faded altar of an unknown god.
  1829 | D:3      | Noticed Robin
  1856 | D:3      | Slain by an orc

Skill      XL: |  1  2  3 |
---------------+----------+-----
Spellcasting   | 2 |  2.1
Fighting       | |  0.1
Slings         | |  0.9
Dodging        | |  1.7
Stealth        | |  1.7
Necromancy     | |  4.9

Action                   |  1- 3 |  4- 6 || total
-------------------------+-------+-------++-------
Melee: Club              |     6 |       ||     6
 Fire: Hunting sling     |    34 |    17 ||    51
 Cast: Pain              |    25 |     1 ||    26
       Animate Skeleton  |    13 |     3 ||    16
  Use: Scroll            |     7 |     1 ||     8
       Potion            |     1 |     1 ||     2
  Eat: Chunk             |     3 |     1 ||     4
Armor: Skin              |    20 |       ||    20
       Robe              |     1 |     5 ||     6
Dodge: Dodged            |     9 |    12 ||    21
